 Dungeon Crawl Stone Soup version 0.32-a0-928-g1cae6b7ea0 (webtiles) character file.

Game seed: 5470518341012739733

723 holysushi the Changeling (level 7, -2/50 HPs)
             Began as a Merfolk Shapeshifter on Apr 13, 2024.
             Slain by an ufetubus (3 damage)
             ... on level 4 of the Dungeon.
             The game lasted 00:07:35 (3765 turns).

holysushi the Changeling (Merfolk Shapeshifter)     Turns: 3765, Time: 00:07:35

Health: -2/50      AC:  3    Str: 14    XL:     7   Next: 71%
Magic:  16/16      EV: 18    Int:  9    God:
Gold:   151        SH:  0    Dex: 16    Spells: 6/6 levels left

rFire   . .          .
                       - Unarmed
rCold   . . .        (shield currently unavailable)
rNeg    . . .        a - melded +0 animal skin
rPois   .            (no helmet)
rElec   .            (no cloak)
rCorr   .            p - +2 pair of gloves
SInv    .            (no boots)
Will    .....        (no amulet)
Stlth   +            o - ring of magical power
HPRegen 0.28/turn    (no ring)
MPRegen 0.15/turn

%: no passive effects
@: mighty, brilliant, flux-form, glowing
A: glow, contaminating, (nimble swimmer 2), mertail
a: Begin Untransformation


You were on level 4 of the Dungeon.
You were something dangerously unstable.
You visited 1 branch of the dungeon, and saw 5 of its levels.

You collected 151 gold pieces.

Inventory:

Armour
 a - a +0 animal skin (melded)
 e - a +1 robe of resistance
 p - a +2 pair of gloves (worn)
Jewellery
 o - a ring of magical power (left hand)
Talismans
 c - a beast talisman
 d - a flux talisman (active)
Wands
 f - a wand of roots (13)
Scrolls
 b - a scroll of butterflies {unknown}
 q - 2 scrolls of teleportation
Potions
 g - 3 potions of attraction
 t - a potion of degeneration {unknown}
 u - a potion of curing {unknown}


   Skills:
 - Level 2.0 Fighting
 + Level 6.6 Dodging
 - Level 6.0 Unarmed Combat
 - Level 7.0 Shapeshifting


You had 6 spell levels left.
You didn't know any spells.
Your spell library contained the following spells:

 Spells                   Type           Power      Damage    Failure   Level
 Ensorcelled Hibernation  Hex/Ice        0%         N/A       52%         2
 Passwall                 Erth           0%         N/A       77%         3
 Swiftness                Air            0%         N/A       77%         3
 Olgreb's Toxic Radiance  Alch           0%         N/A       99%         4
 Ozocubu's Refrigeration  Ice            0%         4d7       100%        7
 Discord                  Hex            0%         N/A       100%        8


Dungeon Overview and Level Annotations

Branches:
Dungeon (5/15) Zot: 26272
 Temple: D:4-7

Altars:
Qazlal

Shops:
D:1 *

Annotations:
D:3 3 runed translucent doors, smashvw's ghost, amateur MfFi


Innate Abilities, Weirdness & Mutations

You are something dangerously unstable.
You glow with magical radiation, making you easy to see and hit.
Foes you strike become dangerously contaminated with magical radiation.
You are incapable of wielding weapons or throwing items.
((You are very nimble when in or above water. (Stealth+, EV+, Speed+++)))
Your lower body shifts to a powerful aquatic tail in water.


Message History

The ufetubus slips past you! The ufetubus hits you.
* * * LOW HITPOINT WARNING * * *
The ufetubus misses you. The white imp gestures at you.
The puff of frost hits you.
* * * LOW HITPOINT WARNING * * *
The ice beast completely misses you.
The ufetubus hits you but does no damage.
The ufetubus hits you.
* * * LOW HITPOINT WARNING * * *
You climb upwards.
There is a stone staircase leading down here.
It was a potion of cancellation.
You feel magically purged. The ice beast barely misses you.
The ufetubus hits you.
* * * LOW HITPOINT WARNING * * *
The ufetubus hits you.
* * * LOW HITPOINT WARNING * * *
It was a potion of brilliance.
You feel clever all of a sudden.
The ufetubus hits you but does no damage.
The ufetubus hits you.
* * * LOW HITPOINT WARNING * * *
The ice beast completely misses you. The ufetubus misses you.
The ufetubus barely misses you.
It was a potion of might.
You feel very mighty all of a sudden. The ice beast barely misses you.
The ufetubus hits you.
* * * LOW HITPOINT WARNING * * *
The ufetubus barely misses you.
The ice beast attacks as it pursues you!
The ice beast misses you. The ufetubus slips past you!
The ufetubus hits you but does no damage.
The ufetubus completely misses you.
You hit the ufetubus.
The ufetubus begins to glow.
The ufetubus is severely wounded.
The ufetubus hits you.
* * * LOW HITPOINT WARNING * * *
The ufetubus hits you.
You die...

##.....###.##.# #.# #.#
..#...####.##.###.###.#
.[.........##......<..#
#.##.###########..#####
####.# #.## .....## #.#
###...## #.# ##.....##
###5# #.......## ##.#p#
.........####...Y#
.........+.....>.###
.........####......#
#.......## #....#.#
##.....## #.#.##.#
##...## #.#.##.# ##'##
#.#.##.# #.# #......#


You could see an ice beast and an ufetubus (contam).

Vanquished Creatures
  Pikel (D:3)
  A lemure (D:3)
  Blork the orc (D:4)
  An iguana (D:5)
  4 gnolls (D:3)
  6 adders
  2 ribbon worms
  A dart slug (D:1)
  5 orcs (D:4)
  6 ball pythons
  8 endoplasms
  2 giant cockroaches
  9 goblins
  4 hobgoblins
  4 jackals (D:3)
  6 kobolds
  4 quokkas
  A bat (D:2)
  2 frilled lizards (D:2)
  2 rats (D:2)
70 creatures vanquished.

Notes
Turn   | Place    | Note
-------+----------+-------------------------------------------
     0 | D:1      | holysushi the Merfolk Shapeshifter began the quest for the
                  | Orb.
     0 | D:1      | Reached XP level 1. HP: 15/15 MP: 1/1
    60 | D:1      | Found a faded altar of an unknown god.
   162 | D:1      | Reached XP level 2. HP: 15/22 MP: 2/2
   201 | D:1      | Found Ixkoakig's General Store.
   774 | D:2      | Reached XP level 3. HP: 13/27 MP: 3/3
   813 | D:2      | Found a stormy altar of Qazlal.
  1044 | D:2      | Reached XP level 4. HP: 24/33 MP: 4/4
  1113 | D:2      | Reached skill level 5 in Shapeshifting
  1891 | D:3      | Reached XP level 5. HP: 27/38 MP: 5/5
  2036 | D:3      | Found a runed translucent gate.
  2036 | D:3      | Found a runed translucent gate.
  2036 | D:3      | Found a runed translucent gate.
  2492 | D:3      | Noticed smashvw's ghost (amateur MfFi)
  2645 | D:4      | Noticed Blork the orc
  2800 | D:4      | Noticed a lemure
  2806 | D:3      | Killed a lemure
  2811 | D:4      | Noticed Pikel
  2811 | D:4      | Noticed a lemure
  2811 | D:4      | Noticed a lemure
  2811 | D:4      | Noticed a lemure
  2828 | D:3      | Killed Pikel
  2829 | D:3      | Reached skill level 5 in Dodging
  2829 | D:3      | Reached skill level 7 in Shapeshifting
  2829 | D:3      | Reached XP level 6. HP: 39/44 MP: 6/6
  2829 | D:3      | Reached XP level 7. HP: 44/50 MP: 7/7
  2877 | D:4      | Killed Blork the orc
  3692 | D:5      | Entered Level 5 of the Dungeon
  3762 | D:4      | HP: 2/50 [ufetubus (3)]
  3765 | D:4      | Slain by an ufetubus

Illustrated notes

Levels and vault maps discovered:
D:1:      moated_graveyard_arrival, layout_rooms, serial_shops,
          nicolae_shop_waterfront, hellmonk_ecumenical_altar_zigzags
D:2:      layout_basic, basic_altar, kennysheep_small_spiral,
          chequers_big_river, minmay_tripent
D:3:      layout_basic, gammafunk_ghost_icy
D:4:      layout_loops_corners, uniq_pikel, uniq_blork_the_orc
D:5:      layout_loops_ring, serial_shops, nicolae_shop_tiny_statue_garden,
          st_stairs_12

Skill      XL: |  1  2  3  4  5  6  7 |
---------------+----------------------+-----
Fighting       | 2 |  2.0
Dodging        | 3 4 5 6 |  6.6
Shapeshifting  | 5 7 |  7.0
Unarmed Combat | 6 |  6.0

Action                     |  1- 3 |  4- 6 |  7- 9 || total
---------------------------+-------+-------+-------++-------
  Melee: Unarmed           |   110 |    97 |    68 ||   275
         Tailslap          |     1 |       |       ||     1
    Use: Potion            |       |     3 |     3 ||     6
         Scroll            |       |     9 |       ||     9
   Stab: Sleeping          |       |       |     1 ||     1
 Armour: Skin              |    40 |    38 |    35 ||   113
  Dodge: Dodged            |    81 |    71 |    82 ||   234
   Form: Flux              |     1 |     1 |       ||     2
         Beast             |       |     1 |       ||     1

Table legend: (Time is in decaauts)
 A = Elapsed time spent in this place.
 B = Non-inter-level travel time spent in this place.
 C = Inter-level travel time spent in this place.
 D = Time resting spent in this place.
 E = Time spent auto-exploring this place.
 F = Levels seen in this place.
 G = Mean time per level.
                   A        B        C        D        E       F      G
               +--------+--------+--------+--------+--------+-----+--------+
         Total |   3727 |   3602 |    125 |    537 |   2086 |   5 |  745.4 |
       Dungeon |   3727 |   3602 |    125 |    537 |   2086 |   5 |  745.4 |
               +--------+--------+--------+--------+--------+-----+--------+

Top non-repeatable levels by time:
     D:3: 1210 daAuts
     D:2: 982 daAuts
     D:4: 945 daAuts
     D:1: 523 daAuts
     D:5: 65 daAuts
